Map: Abyssal Reef LE

Players

TRUE - Winner!

  • Race: Zerg Zerg
  • Spawn Location: 5:00

Zanster

  • Race: Zerg Zerg
  • Spawn Location: 11:00

Event: WCS Montreal 2017

VOD

Have the link to the VOD?

Description

Time

  • Played on: Sept. 8, 2017, 6:18 p.m.
  • Length: 13:58

All games in this series

Show
View Real Time Build Order
Export as new Build Order

TRUE Zerg - Winner!

Build Orders: Hatch First, Zergling Baneling 

Get SALT Encoding   

  12  0:00  Drone  
  13  0:12  Overlord  
  13  0:16  Drone  
  14  0:32  Drone x2  
  14  0:35  Drone  
  17  0:53  Hatchery  
  17  0:56  Drone  
  17  1:08  Spawning Pool  
  17  1:10  Extractor  
  15  1:13  Drone  
  15  1:17  Drone  
  17  1:20  Drone  
  18  1:28  Drone  
  19  1:38  Overlord  
  19  1:55  Queen, Zergling x2  
  22  2:04  Queen  
  24  2:09  Metabolic Boost  
  24  2:20  Drone  
  24  2:21  Drone x3  
  24  2:22  Drone  
  29  2:27  Drone  
  30  2:33  Drone  
  31  2:44  Hatchery  
  30  2:52  Baneling Nest, Drone  
  30  2:54  Zergling x2  
  31  2:59  Drone x2  
  31  3:01  Drone  
  34  3:06  Overlord  
  34  3:08  Drone  
  34  3:11  Drone  
  36  3:19  Overlord  
  36  3:26  Zergling x2  
  37  3:27  Zergling x4  
  37  3:28  Zergling x4  
  37  3:31  Zergling x2  
  42  3:36  Baneling x4  
  42  3:37  Zergling x4  
  44  3:41  Queen  
  44  3:45  Baneling x2  
  44  3:48  Zergling x4  
  48  3:50  Zergling x2  
  47  3:58  Zergling x4  
  47  3:59  Zergling x6  
  50  4:08  Queen  
  52  4:17  Drone x5  
  52  4:18  Overlord  
  52  4:21  Overlord  
  57  4:26  Overlord  
  57  4:27  Drone  
  57  4:31  Baneling x2  
  57  4:32  Overlord  
  57  4:35  Baneling  
  57  4:36  Baneling  
  57  4:38  Drone x2  
  59  4:43  Drone x3  
  60  4:51  Zergling x2  
  60  4:52  Zergling x4  
  54  5:00  Queen  
  54  5:02  Zergling x2  
  54  5:03  Zergling x4  
  54  5:05  Zergling x4  
  54  5:06  Zergling x2  
  62  5:10  Baneling x2  
  62  5:11  Overlord  
  62  5:13  Zergling x4, Baneling  
  64  5:22  Zergling x4  
  64  5:33  Drone  
  64  5:34  Drone x9  
  71  5:37  Drone  
  71  5:46  Overlord, Roach Warren  
  71  5:47  Overlord, Extractor x2  
  68  5:50  Drone  
  68  5:52  Drone  
  68  5:53  Drone  
  68  5:54  Drone x2  
  68  5:57  Drone  
  74  6:00  Overlord  
  74  6:01  Evolution Chamber  
  74  6:03  Overlord  
  73  6:05  Drone  
  73  6:10  Drone x3  
  77  6:16  Drone x3  
  77  6:23  Lair  
  77  6:27  Evolution Chamber  
  77  6:28  Extractor  
  77  6:29  Zerg Missile Weapons Level 1  
  77  6:31  Overlord  
  77  6:32  Extractor, Drone x7  
  82  6:36  Overlord  
  82  6:40  Roach x3  
  82  6:42  Roach  
  82  6:46  Roach  
  88  6:48  Roach  
  88  6:53  Overlord  
  90  6:54  Roach  
  90  6:55  Extractor  
  90  6:59  Roach, Overlord  
  90  7:00  Roach x2  
  97  7:04  Roach  
  97  7:05  Overlord  
  97  7:06  Roach x2  
  103  7:08  Overlord  
  103  7:10  Roach  
  103  7:14  Roach  
  107  7:16  Overlord  
  107  7:20  Roach x3  
  107  7:21  Roach  
  115  7:23  Glial Reconstitution  
  115  7:27  Overlord  
  115  7:31  Roach x2  
  115  7:33  Roach  
  115  7:34  Roach x3  
  115  7:35  Roach  
  115  7:36  Roach  
  131  7:37  Roach  
  131  7:38  Spine Crawler  
  131  7:39  Roach  
  131  7:44  Roach  
  136  7:50  Roach  
  136  7:51  Roach  
  140  7:53  Roach  
  140  7:55  Roach  
  140  7:57  Roach x2  
  148  8:01  Roach x2  
  148  8:03  Roach  
  148  8:04  Roach  
  154  8:05  Roach  
  154  8:06  Roach x3  
  154  8:08  Roach  
  154  8:11  Roach  
  152  8:12  Roach  
  152  8:16  Roach  
  143  8:22  Roach  
  143  8:24  Roach  
  147  8:30  Roach  
  147  8:32  Roach x3  
  147  8:33  Roach  
  156  8:36  Roach  
  156  8:39  Roach  
  160  8:43  Roach  
  160  8:45  Roach  
  164  8:49  Roach  
  164  8:52  Hatchery  
  164  8:54  Roach  
  167  8:56  Roach  
  167  9:00  Overlord  
  173  9:02  Roach  
  173  9:03  Roach x7  
  173  9:04  Roach, Zerg Missile Weapons Level 2  
  173  9:08  Roach  
  189  9:10  Roach  
  189  9:14  Roach  
  193  9:19  Overlord  
  193  9:21  Overlord  
  193  9:25  Overlord  
  193  9:28  Roach x3  
  193  9:30  Overlord  
  199  9:34  Spire  
  199  9:35  Roach  
  200  9:39  Roach  
  198  9:46  Roach  
  194  10:04  Extractor  
  194  10:06  Spine Crawler  
  192  10:07  Extractor  
  192  10:08  Spine Crawler  
  158  10:45  Mutalisk x12  
  158  10:49  Mutalisk  
  176  10:50  Spine Crawler  
  176  10:51  Spine Crawler  
  176  10:53  Spine Crawler  
  176  10:54  Spine Crawler  
  176  10:55  Mutalisk  
  172  11:01  Mutalisk  
  162  11:06  Mutalisk  
  156  11:13  Unknown  
  156  11:15  Mutalisk  
  156  11:17  Mutalisk  
  158  11:23  Zerg Flyer Weapons Level 1  
  151  11:35  Roach  
  151  11:36  Roach x9  
  151  11:39  Roach x2  
  151  11:40  Roach  
  151  11:41  Roach  
  151  11:42  Roach  
  151  11:43  Roach  
  151  11:45  Roach  
  154  11:48  Roach x2  
  154  11:52  Overseer  
  158  11:55  Roach x2  
  158  11:59  Roach x3  
  158  12:00  Roach  
  158  12:01  Roach x2  
  170  12:06  Roach  
  174  12:13  Roach  
  174  12:14  Roach  
  176  12:15  Roach  
  176  12:20  Roach  
  177  12:24  Roach  
  177  12:25  Roach  
  177  12:28  Roach  
  171  12:45  Roach  
  171  12:46  Roach x4  
  171  12:48  Pneumatized Carapace  
  181  12:53  Roach  
  183  13:00  Ravager x5  
  183  13:01  Ravager  
  183  13:02  Ravager  
  190  13:24  Roach x4  
  198  13:29  Roach  
  200  13:37  Roach  
Show
View Real Time Build Order
Export as new Build Order

Zanster Zerg 

Build Orders: Hatch First, Lurkers 

Get SALT Encoding   

  12  0:00  Drone  
  13  0:16  Drone  
  13  0:17  Overlord  
  13  0:20  Extractor  
  13  0:23  Drone  
  15  0:36  Drone  
  15  0:38  Drone  
  17  0:53  Hatchery  
  17  0:56  Drone  
  17  0:59  Drone  
  18  1:10  Extractor  
  17  1:15  Spawning Pool  
  17  1:18  Drone  
  17  1:21  Drone  
  18  1:31  Drone  
  19  1:47  Overlord  
  19  1:53  Drone  
  20  2:02  Queen  
  20  2:05  Queen  
  20  2:06  Zergling x4  
  26  2:10  Metabolic Boost  
  26  2:15  Drone  
  27  2:16  Drone  
  28  2:25  Drone  
  28  2:28  Drone  
  30  2:37  Drone  
  30  2:38  Baneling Nest  
  30  2:43  Drone  
  31  2:52  Zergling x2  
  31  2:55  Hatchery  
  31  2:58  Overlord  
  31  3:01  Drone  
  31  3:05  Zergling x2  
  33  3:10  Zergling x6  
  36  3:19  Drone  
  40  3:20  Drone x3  
  40  3:28  Queen  
  40  3:30  Baneling  
  40  3:31  Baneling  
  40  3:34  Overlord  
  42  3:37  Drone  
  42  3:39  Zergling x2  
  44  3:54  Overlord  
  43  4:02  Zergling x2  
  42  4:03  Drone x6  
  42  4:07  Drone  
  42  4:08  Baneling  
  42  4:09  Baneling  
  49  4:17  Zergling x16  
  49  4:20  Extractor  
  55  4:27  Zergling x6, Roach Warren  
  55  4:32  Baneling  
  55  4:33  Baneling  
  55  4:34  Queen  
  55  4:36  Overlord  
  57  4:50  Queen  
  51  4:53  Drone x4  
  51  4:54  Drone x3  
  51  4:59  Zergling x4  
  59  5:03  Drone  
  59  5:04  Drone x3  
  59  5:05  Drone  
  64  5:10  Overlord, Evolution Chamber  
  63  5:16  Lair  
  63  5:17  Baneling  
  62  5:25  Drone x5  
  66  5:31  Extractor, Drone  
  62  5:38  Zerg Missile Weapons Level 1  
  62  5:40  Zergling x6  
  62  5:41  Overlord  
  65  5:43  Drone  
  65  5:44  Drone x3  
  65  5:46  Drone x2  
  65  5:49  Overlord  
  71  5:56  Extractor, Overlord  
  70  5:59  Baneling  
  70  6:04  Overlord  
  70  6:05  Roach  
  70  6:06  Roach x5  
  80  6:16  Roach  
  80  6:17  Roach x4  
  87  6:20  Glial Reconstitution  
  87  6:21  Overlord  
  87  6:27  Roach x2  
  87  6:28  Overlord  
  87  6:31  Overlord  
  91  6:35  Roach x2  
  91  6:37  Overlord  
  94  6:40  Extractor  
  94  6:44  Roach  
  94  6:45  Roach x3  
  94  6:46  Overlord  
  101  6:49  Roach  
  101  6:52  Overlord  
  101  6:53  Roach  
  106  6:54  Roach  
  106  6:56  Roach  
  106  7:00  Roach x2  
  112  7:02  Overlord  
  112  7:08  Roach x3  
  114  7:12  Overlord  
  114  7:14  Roach  
  114  7:15  Roach  
  124  7:22  Roach  
  124  7:23  Roach x3  
  124  7:28  Roach x2  
  124  7:29  Overseer  
  134  7:31  Overlord  
  134  7:35  Roach  
  134  7:36  Roach  
  138  7:39  Roach  
  138  7:40  Roach x2  
  144  7:46  Drone x5  
  144  7:50  Zerg Missile Weapons Level 2  
  149  7:52  Drone  
  149  7:53  Drone  
  149  7:54  Drone  
  149  7:56  Drone  
  149  7:57  Drone  
  154  8:02  Overlord  
  148  8:09  Roach  
  148  8:10  Roach x3  
  136  8:18  Drone x6  
  126  8:25  Extractor  
  121  8:28  Drone  
  121  8:33  Hatchery  
  119  8:37  Drone x2  
  119  8:38  Drone  
  119  8:39  Roach x3  
  119  8:40  Roach  
  128  8:45  Hydralisk Den, Roach x3  
  133  8:50  Roach x2  
  133  8:54  Roach x2  
  141  8:56  Roach  
  141  8:57  Roach  
  141  8:59  Ravager x2  
  147  9:03  Roach x3  
  147  9:08  Roach x3  
  159  9:14  Overlord  
  159  9:16  Roach x3  
  164  9:22  Roach Warren  
  163  9:25  Roach  
  163  9:26  Roach x3  
  163  9:28  Overlord  
  163  9:29  Ravager x2  
  174  9:31  Ravager  
  174  9:44  Roach x5  
  182  9:56  Lurker Den  
  182  10:03  Roach x9  
  200  10:08  Zerg Ground Armor Level 1  
  200  10:10  Extractor  
  199  10:27  Burrow  
  195  10:29  Drone  
  195  10:30  Tunneling Claws, Extractor  
  195  10:35  Roach x7  
  197  10:39  Hatchery  
  197  10:40  Drone  
  197  10:41  Drone x3  
  186  10:46  Drone  
  186  10:47  Drone x2  
  188  10:50  Roach x4  
  192  11:00  Queen  
  192  11:01  Drone x2  
  192  11:02  Drone x4  
  191  11:09  Drone x2  
  191  11:10  Drone x2  
  191  11:20  Hydralisk  
  191  11:21  Hydralisk x3  
  194  11:25  Hydralisk x2  
  194  11:28  Muscular Augments  
  192  11:36  Hydralisk x4  
  192  11:37  Roach x6  
  157  11:44  Roach  
  157  11:45  Roach x3  
  140  11:53  Hydralisk x4  
  148  12:01  Roach x6, Hydralisk  
  146  12:02  Roach x2  
  146  12:05  Spore Crawler  
  153  12:11  Roach x9  
  153  12:14  Drone x10  
  148  12:24  Spore Crawler  
  148  12:27  Drone x3  
  142  12:30  Roach x5  
  142  12:34  Roach x3, Hydralisk  
  142  12:41  Spore Crawler  
  138  12:51  Roach x7  
  140  13:05  Spore Crawler  
  139  13:12  Lurker  
  140  13:13  Lurker x4  
  140  13:14  Roach  
  140  13:15  Roach x7  
  140  13:19  Lurker  
  160  13:23  Roach x4  
  166  13:27  Hydralisk Den  
Tags
 
Add a new tag
Caveats
  • Supply blocks, unpowered buildings, or Contaminate may cause inaccurate times.
  • Supply counts are checked every 10 seconds.